 Dungeon Crawl Stone Soup version 0.29-a0-823-gc37b1572da (webtiles) character file.

Game seed: 7621535459785314313

847 ytrimaz the Chopper (level 7, 0/57 HPs)
             Began as a Demonspawn Fighter on July 9, 2022.
             Was a Follower of Ashenzari.
             Slain by Pikel
             ... wielding a +2 whip of flaming
              (6 damage)
             ... on level 4 of the Dungeon.
             The game lasted 00:05:02 (5438 turns).

ytrimaz the Chopper (Demonspawn Fighter)            Turns: 5438, Time: 00:05:02

Health: 0/57       AC: 13    Str: 18    XL:     7   Next: 68%
Magic:  7/7        EV:  7    Int:  9    God:    Ashenzari [*.....]
Gold:   372        SH:  5    Dex: 13    Spells: 6/6 levels left

rFire   + . .      SeeInvis .   r - +0 hand axe
rCold   + . .      Faith    .   c - +0 buckler
rNeg    . . .      Spirit   .   p - +2 chain mail of the Astrological Sky {rF+, Fort, Comp} (curse)
rPois   .          Reflect  .   (no helmet)
rElec   .          Harm     .   (no cloak)
rCorr   .          Rampage  .   (no gloves)
Will    .....                   n - +0 pair of boots of Ashenzari's Ordeal {Self, Comp} (curse)
Stlth   ..........              (no amulet)
HPRegen 0.19/turn               m - ring of protection from cold
MPRegen 0.10/turn               (no ring)

@: no status effects
A: hooves 2, demonic guardian 1, spiny 1
a: Renounce Religion, Shatter the Chains


You were on level 4 of the Dungeon.
You worshipped Ashenzari.
Ashenzari was aware of your devotion.
You visited 1 branch of the dungeon, and saw 5 of its levels.

You collected 372 gold pieces.

Inventory:

Hand Weapons
 a - a +0 war axe
 r - a +0 hand axe (weapon)
Armour
 c - a +0 buckler (worn)
 e - a +0 kite shield
 n - the cursed +0 pair of boots of Ashenzari's Ordeal (worn) {Self, Comp}
   (You found it on level 3 of the Dungeon)

   It has a curse which improves the following skills: Introspection: Fighting
   and Spellcasting.
   Companions: Summonings and Necromancy.
 p - the cursed +2 chain mail of the Astrological Sky (worn) {rF+, Fort, Comp}
   (You took it off an orc on level 5 of the Dungeon)

   It has a curse which improves the following skills: Fortitude: Armour and
   Shields.
   Companions: Summonings and Necromancy.
Jewellery
 k - a ring of fire
 m - a ring of protection from cold (left hand)
Scrolls
 b - a scroll of blinking
 i - a scroll of amnesia
 o - a scroll of identify
 q - 2 scrolls of enchant weapon
 s - a scroll of poison
 u - 2 scrolls of teleportation
 v - a scroll of fog
Potions
 d - a potion of might
 f - a potion of attraction
 g - 2 potions of brilliance
 h - a potion of heal wounds
 j - 2 potions of degeneration
 l - 4 potions of magic
 t - 3 potions of curing
 w - a potion of mutation


   Skills:
 * Level 5.0(5.9) Fighting
 - Level 6.1 Axes
 + Level 4.6(5.4) Armour
 - Level 2.6(3.4) Shields


You had 6 spell levels left.
You didn't know any spells.
Your spell library contained the following spells:

 Spells                   Type           Power      Damage    Failure   Level
 Apportation              Tloc           0%         N/A       99%         1
 Beastly Appendage        Tmut           0%         N/A       99%         1
 Necrotise                Necr           0%         1d4       99%         1
 Summon Small Mammal      Summ           0%         N/A       99%         1
 Sublimation of Blood     Necr           0%         N/A       100%        2
 Wereblood                Tmut           0%         N/A       100%        2
 Spider Form              Tmut/Pois      0%         N/A       100%        3
 Summon Hydra             Summ           0%         N/A       100%        7


Dungeon Overview and Level Annotations

Branches:
Dungeon (5/15)             Temple (0/1) D:4

Altars:
Ashenzari
Kikubaaqudgha
Uskayaw
Wu Jian

Annotations:
D:4 Pikel


Innate Abilities, Weirdness & Mutations

You have hoof-like feet.
A weak demonic guardian rushes to your aid.
You are partially covered in sharp spines.


Message History

You hit the lemure. The lemure hits you but does no damage.
Pikel hits you with a +2 whip of flaming!
Pikel burns you.
Unknown command.
You closely miss Pikel.
Pikel is lightly wounded.
You hit the lemure. The lemure hits you but does no damage.
Pikel hits you with a +2 whip of flaming!
Pikel burns you.
You slash Pikel!
Pikel is moderately wounded.
You miss the lemure. The lemure barely misses you.
Pikel hits you with a +2 whip of flaming.
Unknown command.
You closely miss Pikel.
Pikel is lightly wounded.
You hit the lemure but do no damage.
Pikel says, "I knew I should've brought a map."
Pikel is struck by your spines.
Pikel hits you with a +2 whip of flaming!
The lemure is struck by your spines. The lemure hits you.
You hit Pikel.
Pikel is moderately wounded.
You hit the lemure.
You kill the lemure!
That felt strangely unrewarding.
Pikel hits you with a +2 whip of flaming.
* * * LOW HITPOINT WARNING * * *
A demonic guardian appears!
You closely miss Pikel.
Pikel is moderately wounded.
Pikel hits you with a +2 whip of flaming!
* * * LOW HITPOINT WARNING * * *
Pikel burns you.
* * * LOW HITPOINT WARNING * * *
Unknown command.
You hit Pikel but do no damage.
Pikel is moderately wounded.
Pikel hits you with a +2 whip of flaming.
You die...

#.#
##...≈≈........#.#
#.#
#.............#.#
#.#
#......_..##....#
#.#
#..♣♣.....##..#.#
#[#
#..♣♣.........#.#
..#
##.....≈≈....#..#
###
#.....§≈....#.##
#............#
.##..5@.######
###K### .55 #.5#
#.. #.. #. #.


You could see Pikel (ally target), 3 lemures and a friendly iron imp (summoned).

Vanquished Creatures
  Sigmund (D:2)
  A wyvern (D:5)
  A black bear (D:5)
  A lemure (D:4)
  2 scorpions (D:5)
  2 jellies
  An orc wizard (D:5)
  Natasha (D:4)
  3 gnolls (D:3)
  10 adders
  An ufetubus (D:5)
  2 worms
  2 dart slugs
  7 orcs
  7 ball pythons
  3 endoplasms
  9 giant cockroaches
  8 hobgoblins
  4 kobolds
  8 quokkas
  8 bats
  4 frilled lizards
  3 goblins
  6 rats
95 creatures vanquished.

Vanquished Creatures (others)
  A human (D:3)
  An adder (D:2)
2 creatures vanquished.

Grand Total: 97 creatures vanquished

Notes
Turn   | Place    | Note
-------+----------+-------------------------------------------
     0 | D:1      | ytrimaz the Demonspawn Fighter began the quest for the Orb.
     0 | D:1      | Reached XP level 1. HP: 18/18 MP: 1/1
     8 | D:1      | Reached skill level 2 in Axes
   466 | D:1      | Gained mutation: You have large cloven feet. [demonic
                  | ancestry]
   466 | D:1      | Reached XP level 2. HP: 24/24 MP: 2/2
   693 | D:1      | Found a faded altar of an unknown god.
  1315 | D:2      | Reached skill level 3 in Axes
  1388 | D:2      | Gained mutation: You are partially covered in sharp spines.
                  | [demonic ancestry]
  1388 | D:2      | Reached XP level 3. HP: 20/29 MP: 3/3
  1973 | D:2      | Noticed Sigmund
  1984 | D:2      | Killed Sigmund
  1985 | D:2      | Reached skill level 5 in Axes
  1985 | D:2      | Gained mutation: You have hoof-like feet. [demonic
                  | ancestry]
  1985 | D:2      | Reached XP level 4. HP: 9/35 MP: 4/4
  1985 | D:2      | Gained mutation: A weak demonic guardian rushes to your
                  | aid. [demonic ancestry]
  1985 | D:2      | Reached XP level 5. HP: 10/41 MP: 5/5
  2904 | D:3      | Reached XP level 6. HP: 47/47 MP: 6/6
  3188 | D:3      | Reached skill level 6 in Axes
  3362 | D:3      | Found an ancient bone altar of Kikubaaqudgha.
  3365 | D:3      | Noticed a human
  3366 | D:3      | Killed a human
  3464 | D:3      | Found a broken altar of Ashenzari.
  3494 | D:3      | Became a worshipper of Ashenzari the Shackled
  3939 | D:4      | Noticed Natasha
  3940 | D:4      | Found a staircase to the Ecumenical Temple.
  3949 | D:4      | Killed Natasha
  4054 | D:4      | You fall into a shaft and drop 1 floor!
  4054 | D:5      | Entered Level 5 of the Dungeon
  4204 | D:5      | Found a hide-covered altar of Uskayaw.
  4206 | D:5      | Noticed a wyvern
  4213 | D:5      | Killed a wyvern
  4214 | D:5      | Reached XP level 7. HP: 14/54 MP: 7/7
  4955 | D:4      | Reached * piety under Ashenzari
  5341 | D:4      | Found an ornate altar of the Wu Jian Council.
  5352 | D:4      | Reached skill level 5 in Fighting
  5422 | D:4      | Noticed Pikel
  5438 | D:4      | Slain by Pikel

Illustrated notes

Levels and vault maps discovered:
D:1:      dpeg_arrival_morbid_curiosity, layout_loops_corners, serial_forest,
          infiniplex_forest_lined_room_2, infiniplex_forest_corner_2,
          infiniplex_forest_lined_room_, infiniplex_forest_side_room,
          infiniplex_forest_clump_double, basic_ecumenical_altar,
          amcnicky_mini_pool_small
D:2:      minmay_evil_eye, layout_rooms, grunt_decor_arrowhead,
          lemuel_flame_loot_1, uniq_sigmund
D:3:      layout_basic, tgw_kikubaaqudgha, mainiacjoe_overflow_surrounded_room,
          minivault_5
D:4:      layout_basic, nicolae_wu_jian_wuxing_cycle, temple_pool_b,
          minmay_misc_feat_alley, uniq_pikel, uniq_natasha, uniq_blork_the_orc
D:5:      layout_gridville, nicolae_overflow_two_pavilions,
          corexii_hall_statues_i

Skill      XL: |  1  2  3  4  5  6  7 |
---------------+----------------------+-----
Axes           | 2 3 5 6 |  6.1
Armour         | 3 4 |  4.6
Fighting       | 5 |  5.0
Shields        | |  2.6

Action                   |  1- 3 |  4- 6 |  7- 9 || total
-------------------------+-------+-------+-------++-------
Melee: War axe           |    84 |    41 |       ||   125
       Kick              |     7 |     6 |       ||    13
       Hand axe          |       |    30 |    89 ||   119
Throw: Throwing net      |       |       |     1 ||     1
Invok: Curse Item        |       |     1 |     1 ||     2
  Use: Scroll            |     5 |     9 |     1 ||    15
       Potion            |       |     1 |       ||     1
Armor: Scale mail        |    55 |    32 |    27 ||   114
       Chain mail        |       |       |    19 ||    19
Dodge: Dodged            |    53 |    35 |    42 ||   130
Block: Buckler           |    28 |    15 |    19 ||    62

Table legend: (Time is in decaauts)
 A = Elapsed time spent in this place.
 B = Non-inter-level travel time spent in this place.
 C = Inter-level travel time spent in this place.
 D = Time resting spent in this place.
 E = Time spent auto-exploring this place.
 F = Levels seen in this place.
 G = Mean time per level.
                   A        B        C        D        E       F      G
               +--------+--------+--------+--------+--------+-----+--------+
         Total |   5485 |   5435 |     50 |    457 |   4128 |   5 | 1097.0 |
       Dungeon |   5485 |   5435 |     50 |    457 |   4128 |   5 | 1097.0 |
               +--------+--------+--------+--------+--------+-----+--------+

Top non-repeatable levels by time:
     D:2: 1480 daAuts
     D:1: 1308 daAuts
     D:3: 1144 daAuts
     D:5: 902 daAuts
     D:4: 650 daAuts
